Map: Ruins of Seras

Players

LiquidSnute (Snute)

  • Race: Zerg Zerg
  • League: Grandmaster

MinChul (MC) - Winner!

  • Race: Protoss Protoss

Event: Homestory Cup XII

VOD

Have the link to the VOD?

Description

Time

  • Played on: Dec. 20, 2015, 12:57 p.m.
  • Length: 11:54

All games in this series

Show
View Real Time Build Order
Export as new Build Order

LiquidSnute Zerg 

Build Orders: 3 Hatch before Pool 

Get SALT Encoding   

  12  0:00  Drone  
  13  0:12  Overlord  
  13  0:18  Drone  
  14  0:31  Drone x2  
  14  0:34  Drone  
  17  0:53  Hatchery  
  17  0:56  Drone  
  17  0:59  Drone  
  18  1:07  Drone  
  19  1:24  Hatchery  
  18  1:36  Spawning Pool  
  18  1:39  Drone  
  18  1:41  Extractor  
  18  1:43  Drone  
  19  1:47  Drone  
  19  1:51  Drone  
  21  2:01  Drone  
  21  2:05  Drone  
  22  2:13  Drone  
  23  2:16  Drone  
  24  2:23  Queen  
  24  2:24  Queen  
  24  2:29  Overlord  
  28  2:40  Metabolic Boost  
  28  2:41  Zergling x2  
  28  2:42  Zergling x4  
  31  2:45  Zergling x2  
  31  2:48  Zergling x2  
  31  2:51  Zergling x2  
  34  2:53  Zergling x2  
  34  2:57  Zergling x2  
  36  3:05  Queen  
  35  3:07  Drone  
  35  3:08  Drone  
  39  3:14  Drone x2  
  39  3:16  Drone  
  40  3:24  Overlord  
  39  3:29  Drone x2  
  39  3:30  Drone  
  41  3:40  Overlord  
  41  3:45  Extractor  
  41  3:46  Roach Warren, Zergling x12  
  44  3:52  Zergling x4  
  44  3:54  Zergling x2  
  45  3:59  Drone x2  
  45  4:02  Drone  
  48  4:06  Drone  
  48  4:08  Drone  
  50  4:15  Drone x2  
  50  4:16  Drone  
  52  4:17  Drone x2  
  52  4:20  Drone x2  
  56  4:24  Drone  
  56  4:25  Drone  
  56  4:28  Overlord  
  57  4:34  Lair  
  57  4:38  Overlord  
  57  4:43  Overlord  
  57  4:47  Drone x3  
  57  4:48  Drone x2  
  57  4:50  Drone  
  57  4:51  Drone  
  64  4:53  Drone  
  64  4:56  Overlord  
  64  4:57  Drone  
  64  4:58  Drone  
  64  4:59  Drone  
  68  5:01  Drone  
  68  5:06  Roach, Extractor x2  
  69  5:09  Roach  
  69  5:11  Roach  
  73  5:16  Roach x2  
  73  5:17  Roach x2  
  73  5:19  Roach  
  83  5:23  Roach x2  
  83  5:26  Queen  
  89  5:29  Overlord  
  89  5:36  Spire  
  81  5:50  Zergling x2  
  81  5:51  Zergling x20  
  87  6:02  Zergling x2  
  87  6:03  Zergling x10  
  83  6:18  Zergling x10  
  76  6:44  Overlord x2  
  76  6:48  Mutalisk x6  
  76  6:53  Drone  
  89  6:56  Queen x2, Extractor  
  89  6:57  Queen  
  89  6:59  Extractor  
  93  7:04  Zergling x16  
  101  7:16  Drone x3  
  101  7:17  Drone  
  102  7:23  Drone x2  
  102  7:26  Zerg Flyer Weapons Level 1  
  101  7:40  Mutalisk x4  
  101  7:43  Drone x2  
  111  7:48  Overlord  
  111  7:49  Overlord  
  111  7:58  Hatchery, Spore Crawler  
  105  8:13  Mutalisk x5  
  105  8:18  Queen x2  
  119  8:24  Infestation Pit  
  119  8:26  Drone  
  119  8:27  Drone x4  
  119  8:30  Spore Crawler  
  122  8:36  Mutalisk x2  
  122  8:43  Drone x4  
  122  8:44  Drone  
  124  9:06  Hive  
  124  9:08  Mutalisk x3  
  130  9:10  Overlord x2  
  130  9:19  Queen  
  130  9:20  Queen  
  130  9:22  Zerg Flyer Armor Level 1  
  130  9:32  Overlord x4  
  130  9:41  Spore Crawler  
  130  9:42  Overlord x2  
  115  10:00  Infestor x3  
  115  10:01  Infestor  
  115  10:05  Drone x10  
  133  10:19  Viper  
  136  10:24  Overlord x3  
  136  10:36  Spore Crawler  
  136  10:38  Spore Crawler  
  136  10:41  Mutalisk  
  136  10:42  Overlord x2  
  132  10:54  Mutalisk x8  
  123  11:08  Viper  
  126  11:20  Mutalisk  
  126  11:21  Mutalisk  
  126  11:23  Extractor  
  126  11:25  Extractor  
  127  11:27  Mutalisk  
Show
View Real Time Build Order
Export as new Build Order

MinChul Protoss - Winner!

Build Orders:  

Get SALT Encoding   

  12  0:00  Probe (Chrono Boost)  
  13  0:11  Probe (Chrono Boost)  
  14  0:18  Pylon  
  14  0:22  Probe (Chrono Boost)  
  15  0:36  Probe (Chrono Boost)  
  15  0:39  Gateway  
  16  0:47  Probe (Chrono Boost)  
  17  0:50  Assimilator  
  17  0:57  Probe (Chrono Boost)  
  18  1:04  Gateway  
  18  1:08  Probe (Chrono Boost)  
  19  1:26  Cybernetics Core  
  19  1:48  Nexus  
  19  2:03  Adept (Chrono Boost)  
  19  2:04  Adept (Chrono Boost)  
  19  2:05  Warp Gate (Chrono Boost)  
  23  2:12  Pylon  
  23  2:18  Assimilator  
  23  2:30  Probe  
  23  2:35  Adept x2  
  28  2:42  Probe (Chrono Boost)  
  29  2:48  Pylon  
  29  2:53  Probe (Chrono Boost)  
  30  3:04  Probe x2 (Chrono Boost)  
  32  3:14  Twilight Council, Probe (Chrono Boost)  
  33  3:22  Probe (Chrono Boost)  
  33  3:25  Probe (Chrono Boost)  
  35  3:33  Probe (Chrono Boost)  
  36  3:36  Probe (Chrono Boost)  
  37  3:46  Probe (Chrono Boost), Robotics Facility  
  38  3:49  Probe (Chrono Boost)  
  38  3:51  Resonating Glaives (Chrono Boost)  
  39  3:57  Probe (Chrono Boost)  
  39  3:58  Mothership Core  
  42  4:06  Sentry  
  42  4:08  Pylon  
  44  4:10  Probe  
  45  4:18  Probe  
  45  4:22  Sentry, Gateway  
  48  4:28  Gateway  
  48  4:31  Gateway  
  48  4:38  Warp Prism (Chrono Boost)  
  48  4:42  Probe x2  
  52  4:52  Pylon  
  52  4:55  Adept  
  52  4:56  Adept  
  52  4:59  Probe x2  
  58  5:03  Pylon  
  58  5:07  Assimilator  
  58  5:10  Observer (Chrono Boost), Assimilator  
  59  5:15  Probe x2  
  61  5:28  Probe x2  
  63  5:33  Adept x5  
  67  5:53  Adept x5  
  63  6:05  Stargate  
  63  6:07  Stargate  
  63  6:14  Adept x3  
  63  6:18  Adept  
  59  6:30  Probe x2 (Chrono Boost)  
  61  6:41  Probe x2 (Chrono Boost), Nexus  
  61  6:44  Pylon  
  63  6:53  Phoenix (Chrono Boost)  
  63  6:54  Phoenix (Chrono Boost)  
  67  6:57  Probe  
  67  6:58  Probe  
  69  7:02  Pylon  
  69  7:05  Pylon  
  69  7:16  Phoenix x2 (Chrono Boost)  
  69  7:22  Adept x2  
  73  7:25  Adept  
  73  7:29  Adept  
  77  7:30  Adept  
  75  7:39  Phoenix (Chrono Boost)  
  75  7:40  Phoenix (Chrono Boost)  
  75  7:43  Pylon  
  79  7:47  Probe x2  
  81  7:55  Probe  
  81  7:56  Adept x2  
  86  8:07  Phoenix x2 (Chrono Boost)  
  90  8:19  Probe, Immortal  
  94  8:20  Probe x2  
  94  8:22  Assimilator  
  94  8:24  Assimilator  
  97  8:29  Forge  
  97  8:34  Phoenix (Chrono Boost)  
  97  8:36  Phoenix (Chrono Boost)  
  101  8:52  Adept x5  
  111  9:00  Phoenix (Chrono Boost)  
  111  9:01  Phoenix (Chrono Boost)  
  115  9:03  Protoss Ground Weapons Level 1  
  115  9:04  Probe  
  115  9:05  Probe x2  
  115  9:08  Charge (Chrono Boost)  
  118  9:18  Probe  
  118  9:19  Probe x2  
  121  9:27  Phoenix x2 (Chrono Boost)  
  125  9:40  Pylon  
  125  9:42  Pylon  
  125  9:44  Pylon  
  125  9:56  Phoenix x2  
  125  9:58  Immortal (Chrono Boost)  
  129  10:05  Zealot x5  
  141  10:13  Pylon  
  141  10:14  Pylon  
  141  10:16  Gateway  
  141  10:18  Gateway  
  141  10:30  Templar Archives  
  141  10:31  Pylon  
  141  10:36  Warp Prism (Chrono Boost)  
  141  10:38  Gateway x2  
  141  10:40  Gateway  
  133  10:59  Zealot x5  
  139  11:07  Immortal (Chrono Boost)  
  143  11:23  High Templar x4  
  143  11:24  High Templar x3  
  157  11:28  Archon x3  
  149  11:42  Stalker x2, High Templar  
Tags
 
Add a new tag
Caveats
  • Supply blocks, unpowered buildings, or Contaminate may cause inaccurate times.
  • Supply counts are checked every 10 seconds.